 Dungeon Crawl Stone Soup version 0.32-a0-314-g526f7d4993 (webtiles) character file.

Game seed: 3245060632051289785

299 ezpacito the Chopper (level 6, 0/47 HPs)
             Began as a Demonspawn Gladiator on Feb 15, 2024.
             Slain by a phantom (8 damage)
             ... on level 6 of the Dungeon.
             The game lasted 00:02:50 (1842 turns).

ezpacito the Chopper (Demonspawn Gladiator)         Turns: 1842, Time: 00:02:50

Health: 0/47       AC: -6    Str: 16    XL:     6   Next: 13%
Magic:  8/8        EV: 12    Int:  9    God:
Gold:   83         SH:  4    Dex: 14    Spells: 6/8 levels left

rFire   + . .        a - +0 war axe
rCold   + . .        (no shield)
rNeg    . . .        b - +0 leather armour
rPois   +            c - +0 helmet
rElec   +            (no cloak)
rCorr   +            (no gloves)
SInv    .            (no boots)
Will    .....        f - amulet of the acrobat
Stlth   ++           (no ring)
HPRegen 0.27/turn    (no ring)
MPRegen 0.11/turn

%: random rage (3%), acrobat
@: resistant, corroded
A: rugged brown scales 1, powered by death 1, condensation shield, talons 1,
berserk 1
a: no special abilities


You were on level 6 of the Dungeon.
You visited 1 branch of the dungeon, and saw 4 of its levels.

You collected 83 gold pieces.

Inventory:

Hand Weapons
 a - a +0 war axe (weapon)
Missiles
 d - 3 throwing nets (quivered)
 e - a javelin
Armour
 b - a +0 leather armour (worn)
 c - a +0 helmet (worn)
 l - a +0 plate armour
Jewellery
 f - an amulet of the acrobat (around neck)
Wands
 g - a wand of charming (8)
Scrolls
 m - 2 scrolls of immolation


   Skills:
 * Level 2.7 Fighting
 * Level 4.2 Axes
 + Level 1.8 Throwing
 * Level 1.9 Armour
 + Level 2.9 Dodging
 * Level 1.3 Stealth
 * Level 1.5 Unarmed Combat
 * Level 1.5 Spellcasting
 * Level 1.1 Alchemy


You had 6 spell levels left.
You knew the following spells:

 Your Spells              Type           Power      Damage    Failure   Level
a - Mercury Vapours       Alch/Air       2%         N/A       45%         2

Your spell library contained the following spells:

 Spells                   Type           Power      Damage    Failure   Level
 Mephitic Cloud           Conj/Alch/Air  1%         N/A       73%         3
 Freezing Cloud           Conj/Ice/Air   0%         6-21      100%        5


Dungeon Overview and Level Annotations

Branches:
Dungeon (3/15)

Altars:


Innate Abilities, Weirdness & Mutations

You are partially covered in rugged brown scales. (AC +1, +3% HP)
You regenerate a little health from kills.
A meltable shield of frost defends you. (SH +4)
You have sharp toenails.
You sometimes lose your temper in combat.


Message History

The jelly is severely wounded.
You barely miss the phantom. The jelly hits you.
You are splashed with acid!
You block the phantom's attack. The phantom barely misses you.
The jelly barely misses you.
You are too injured to fight recklessly!
Okay, then.
As you read the scroll labelled QAS JADGHEMYFF, it dissolves into smoke.
It was a scroll of fog.
You block the phantom's attack. The jelly hits you. The acid corrodes you!
You are splashed with acid!
* * * LOW HITPOINT WARNING * * *
It was a potion of curing.
You feel better. The phantom closely misses you.
You hit the phantom but do no damage.
The phantom is lightly damaged.
The phantom completely misses you.
You hit the phantom but do no damage.
The phantom is lightly damaged.
The phantom hits you.
The phantom blinks!
You blink.
You closely miss the phantom.
The phantom is lightly damaged.
The phantom closely misses you. The jelly misses you. The phantom misses you.
The jelly jiggles.
The jelly attacks as it pursues you! The jelly closely misses you.
You closely miss the phantom.
The phantom is lightly damaged.
The phantom hits you. x2
You barely miss the phantom.
The phantom is lightly damaged.
The phantom hits you!
* * * LOW HITPOINT WARNING * * *
It was a potion of mutation.
You feel extremely strange.
You feel a little pissed off.
Your toenails lengthen and sharpen.
The phantom hits you.
* * * LOW HITPOINT WARNING * * *
The phantom blinks!
You blink.
Found 9 stones and a scroll of immolation.
It was a potion of resistance.
You feel protected. The phantom hits you!
You die...

#.##.# ######§§§#.#
# ..#.# #.§§§§§#...
.#...# #.####§§§#
....# #.# ##J## #..#
##.#####§#
#..####........#
#..............#
#.#####..####W###.##
#.# #.......@......#
#.# #.......#.###.(#
#.# #.......#..? #.#
#..........## #..
........##..
#####.......# .##
#.......# .. ####.##
..


You could see a phantom and a jelly.

Vanquished Creatures
  Sigmund (D:2)
  Robin (D:1)
  An adder (D:2)
  A white imp (D:6)
  3 dart slugs
  4 endoplasms
  A giant cockroach (D:1)
  15 goblins
  10 hobgoblins
  2 jackals (D:1)
  A quokka (D:1)
  2 ball pythons (D:2)
  3 bats
  3 frilled lizards
  7 kobolds
  4 rats
59 creatures vanquished.

Notes
Turn   | Place    | Note
-------+----------+-------------------------------------------
     0 | D:1      | ezpacito the Demonspawn Gladiator began the quest for the
                  | Orb.
     0 | D:1      | Reached XP level 1. HP: 16/16 MP: 1/1
    95 | D:1      | Gained mutation: You are partially covered in rugged brown
                  | scales. (AC +1, +3% HP) [demonic ancestry]
    95 | D:1      | Reached XP level 2. HP: 13/22 MP: 2/2
   210 | D:1      | Reached skill level 3 in Axes
   258 | D:1      | Reached skill level 1 in Spellcasting
   327 | D:1      | Learned a level 2 spell: Mercury Vapours
   337 | D:1      | Gained mutation: You regenerate a little health from kills.
                  | [demonic ancestry]
   337 | D:1      | Reached XP level 3. HP: 16/27 MP: 4/4
   720 | D:2      | Noticed Robin
   726 | D:1      | Reached skill level 1 in Armour
   726 | D:1      | Killed Robin
   727 | D:1      | Reached XP level 4. HP: 27/33 MP: 5/5
   739 | D:2      | Reached skill level 1 in Unarmed Combat
   913 | D:2      | Noticed Sigmund
   933 | D:2      | Killed Sigmund
   934 | D:2      | Reached skill level 4 in Axes
   934 | D:2      | Reached skill level 1 in Stealth
   934 | D:2      | Reached skill level 1 in Alchemy
   934 | D:2      | Gained mutation: A meltable shield of frost defends you.
                  | (SH +4) [demonic ancestry]
   934 | D:2      | Reached XP level 5. HP: 25/40 MP: 5/7
   934 | D:2      | Reached XP level 6. HP: 29/47 MP: 5/8
  1804 | D:3      | You fall into a shaft and drop 3 floors!
  1841 | D:6      | Gained mutation: You sometimes lose your temper in combat.
                  | [potion of mutation]
  1841 | D:6      | Gained mutation: You have sharp toenails. [potion of
                  | mutation]
  1842 | D:6      | Slain by a phantom

Illustrated notes

Levels and vault maps discovered:
D:1:      dpeg_arrival_three_bigger_balls, layout_rooms, serial_bayou_pond_e
D:2:      layout_basic, uniq_sigmund, uniq_robin
D:3:      layout_loops_ring, mainiacjoe_overflow_small_starburst,
          nicolae_gozag_seed_capital, nicolae_overflow_hidden_temple,
          trog_antimagical, st_stairs_8, kennysheep_generic_room_8, uniq_grinder
D:6:      layout_loops_ring, general_overflow_altar, serial_shops,
          nicolae_shop_getting_attention

Skill      XL: |  1  2  3  4 |
---------------+-------------+-----
Axes           | 3 4 |  4.2
Spellcasting   | 1 |  1.5
Armour         | 1 |  1.9
Unarmed Combat | 1 |  1.5
Stealth        | 1 |  1.3
Alchemy        | 1 |  1.1
Fighting       | |  2.7
Throwing       | |  1.8
Dodging        | |  2.9

Action                     |  1- 3 |  4- 6 || total
---------------------------+-------+-------++-------
  Melee: War axe           |    69 |    66 ||   135
    Use: Scroll            |     3 |     2 ||     5
         Potion            |       |     4 ||     4
   Stab: Sleeping          |       |     1 ||     1
 Armour: Leather armour    |    42 |    47 ||    89
  Dodge: Dodged            |    65 |    55 ||   120
  Block: Other             |       |     7 ||     7

Table legend: (Time is in decaauts)
 A = Elapsed time spent in this place.
 B = Non-inter-level travel time spent in this place.
 C = Inter-level travel time spent in this place.
 D = Time resting spent in this place.
 E = Time spent auto-exploring this place.
 F = Levels seen in this place.
 G = Mean time per level.
                   A        B        C        D        E       F      G
               +--------+--------+--------+--------+--------+-----+--------+
         Total |   1888 |   1672 |    216 |      0 |   1287 |   4 |  472.0 |
       Dungeon |   1888 |   1672 |    216 |      0 |   1287 |   4 |  472.0 |
               +--------+--------+--------+--------+--------+-----+--------+

Top non-repeatable levels by time:
     D:2: 1087 daAuts
     D:1: 758 daAuts
     D:6: 41 daAuts
     D:3: 1 daAuts
